 Dungeon Crawl Stone Soup version 0.32-a0-876-gcfddb08e57 (webtiles) character file.

Game seed: 5175596783591750583

14492 Fodor the Cleaver (level 11, 0/102 HPs)
             Began as a Minotaur Fighter on Apr 1, 2024.
             Was an Initiate of Gozag.
             Succumbed to Sonja's poison
             ... on level 1 of the Lair of Beasts.
             The game lasted 00:38:54 (8213 turns).

Fodor the Cleaver (Minotaur Fighter)                Turns: 8213, Time: 00:38:54

Health: 0/102      AC: 23    Str: 25    XL:     11   Next: 89%
Magic:  7/10       EV:  7    Int:  5    God:    Gozag
Gold:   770        SH:  0    Dex: 10    Spells: 10/10 levels left

rFire   . . .        z - +9 battleaxe (freeze)
rCold   . . .        (shield currently unavailable)
rNeg    + . .        f - +0 plate armour
rPois   .            (helmet restricted)
rElec   .            k - +0 cloak
rCorr   .            h - +0 pair of gloves
SInv    .            O - +0 pair of boots
Will    .....        t - amulet of guardian spirit Stlth
                     u - +4 ring of protection
HPRegen 0.37/turn    y - ring of Anocs {rN+ Slay+6}
MPRegen 0.12/turn

%: guardian spirit
@: lethally poisoned (0 -> -24), gold aura, slowed, studying Fighting, very slow
A: horns 2, retaliatory headbutt
a: Renounce Religion, Potion Petition, Call Merchant, Bribe Branch


You were on level 1 of the Lair of Beasts.
You worshipped Gozag.
Gozag was pleased with you.
You visited 3 branches of the dungeon, and saw 10 of its levels.
You also visited: Bailey.

You collected 926 gold pieces.
You paid 156 gold pieces to Gozag.

Inventory:

Hand Weapons
 x - a +0 shortbow
 z - a +9 battleaxe of freezing (weapon)
 C - the +7 mace of Fodor's Slow Death {freeze, *Slow rF++ Will+ MP+9}
   (You found it on level 5 of the Dungeon)

   rF++:      It greatly protects you from fire.
   Will+:     It increases your willpower.
   MP+9:      It affects your magic capacity (+9).
   *Slow:     It may slow you when you take damage.
 H - a +3 war axe of freezing
Missiles
 a - 19 javelins
Armour
 f - a +0 plate armour (worn)
 h - a +0 pair of gloves (worn)
 k - a +0 cloak (worn)
 m - a +0 chain mail
 o - a +0 kite shield
 r - a +0 crystal plate armour
 O - a +0 pair of boots (worn)
Jewellery
 l - a +6 ring of strength
 n - a ring of see invisible
 s - a ring of willpower
 t - an amulet of guardian spirit (around neck)
 u - a +4 ring of protection (left hand)
 y - the ring of Anocs (right hand) {rN+ Slay+6}
   (You found it on level 4 of the Dungeon)

   [ring of positive energy]

   Slay+6:    It affects your accuracy & damage with ranged weapons and melee
   (+6).
   rN+:       It protects you from negative energy.
 P - the ring "Ganasem" {rPois Int+3}
   (You found it on level 1 of the Lair of Beasts)

   [ring of poison resistance]

   Int+3:     It affects your intelligence (+3).
   rPois:     It protects you from poison.
Wands
 w - a wand of warping (8)
 A - a wand of mindburst (11)
 D - a wand of charming (9)
 F - a wand of flame (21)
Scrolls
 b - a scroll of brand weapon
 e - 4 scrolls of teleportation
 g - 2 scrolls of noise
 j - 2 scrolls of fear
 p - 2 scrolls of poison
 q - 4 scrolls of amnesia
 v - 3 scrolls of vulnerability {unknown}
 B - 3 scrolls of blinking {unknown}
 E - a scroll of enchant weapon
 J - a scroll of silence {unknown}
 K - 2 scrolls of fog
 N - a scroll of revelation {unknown}
Potions
 c - a potion of enlightenment {unknown}
 d - 6 potions of might
 i - 4 potions of mutation
 G - 2 potions of heal wounds
 I - 2 potions of invisibility {unknown}
 L - a potion of brilliance {unknown}
 M - 2 potions of haste {unknown}
 Q - a potion of curing


   Skills:
 + Level 11.0 Fighting
 + Level 11.4(12.8) Axes
 + Level 9.3(11.8) Maces & Flails
 + Level 5.7 Ranged Weapons
 + Level 7.0 Throwing
 + Level 10.3 Armour
 + Level 1.0 Dodging
 + Level 1.8 Stealth
 + Level 7.6 Shields


You had 10 spell levels left.
You didn't know any spells.
Your spell library contained the following spells:

 Spells                   Type           Power      Damage    Failure   Level
 Summon Small Mammal      Summ           0%         N/A       99%         1
 Call Canine Familiar     Summ           0%         N/A       100%        3
 Summon Blazeheart Golem  Fire/Summ      0%         N/A       100%        4


Dungeon Overview and Level Annotations

Branches:
Dungeon (8/15)             Temple (1/1) D:7            Lair (1/5) D:8
 Bailey (visited)

Altars:
Ashenzari
Cheibriados
Dithmenos
Elyvilon
Fedhas
Gozag
Hepliaklqana
Kikubaaqudgha
Makhleb
Nemelex Xobeh
Okawaru
Qazlal
Ru
Sif Muna
Trog
Uskayaw
Vehumet
Wu Jian
Xom
Yredelemnul
Zin
The Shining One

Shops:
D:3 ::[   D:4 :   D:6 (


Innate Abilities, Weirdness & Mutations

You have a pair of horns on your head.
You reflexively headbutt those who attack you in melee.


Message History

You have difficulty breathing.
You feel yourself slow down.
You shoot an arrow. The arrow completely misses Sonja.
You feel extremely sick.
Sonja throws a curare-tipped dart.
The curare-tipped dart hits you.
You are more poisoned.
You have difficulty breathing.
You feel as though you will be slow longer.
You shoot an arrow. The arrow closely misses Sonja.
You feel extremely sick.
Sonja throws a curare-tipped dart.
The curare-tipped dart hits you.
You are more poisoned.
You have difficulty breathing.
You feel as though you will be slow longer.
Sonja gestures wildly while chanting.
Sonja blinks!
Okay, then.
Your +9 battleaxe of freezing glows with a cold blue light!
z - a +9 battleaxe of freezing (weapon)
You feel very sick.
You feel extremely sick.
Sonja hits you with a +1 dagger of venom.
Sonja hits you but does no damage.
You are more poisoned.
Sonja hits you with a +1 dagger of venom.
You are more poisoned.
Sonja hits you with a +1 dagger of venom.
You are lethally poisoned!
Sonja barely misses you. Sonja hits you but does no damage.
You are more poisoned.
You cut Sonja into ribbons!!! You freeze Sonja!
You kill Sonja!
* * * LOW HITPOINT WARNING * * *
You feel extremely sick.
Your Fighting skill increases to level 11!
* * * LOW HITPOINT WARNING * * *
You feel extremely sick.
Things that are here:
8 gold pieces; a +1 dagger of venom; 2 curare-tipped darts You die...
Your body crumbles into a pile of gold.

....# #........# ##..# #. ....#
##.......# ##.# #. ....#
#.......## #..# ### #. ....#
#........ ##.#####.###.
....######..P###.# #...........
............## #.# #...........
.............###.#####...........
......###....##.$................
......# ##..####@................
......# #..# #..########.P#P...
......## #..####..# #####...
.......###..#.##..# ##...
......#.#.........# #....
..................# ##...
........+#.##.....###### #...
.......#............##.#######...
.......#....#>...................


There were no monsters in sight!

Vanquished Creatures
  Sonja (Lair:1)
  Pikel (D:5)
  A black mamba (Lair:1)
  3 elephants (Lair:1)
  Joseph (D:8)
  4 cane toads (Lair:1)
  Jeremiah (D:7)
  3 komodo dragons (Lair:1)
  Psyche (D:8)
  8 blink frogs (Lair:1)
  A wyvern (D:5)
  9 yaks (Lair:1)
  A steam dragon (D:6)
  A basilisk (Lair:1)
  Edmund (D:6)
  7 water moccasins
  Duvessa (D:6)
  3 sky beasts
  A black bear (D:6)
  11 orc warriors (Bailey)
  An ice beast (D:7)
  15 centaurs
  2 phantoms
  2 kobold brigands
  2 bullfrogs
  3 scorpions
  15 wights
  Dowan (D:6)
  11 killer bees (D:8)
  A howler monkey (D:5)
  A bombardier beetle (D:5)
  A hound (D:6)
  3 jellies
  3 sleepcaps
  4 iguanas
  Terence (D:3)
  11 gnolls
  4 adders
  2 shadow imps
  4 white imps
  2 ufetubi (D:6)
  2 ribbon worms
  30 orcs
  6 endoplasms
  12 goblins
  4 hobgoblins
  5 quokkas
  9 ball pythons
  7 bats
  3 frilled lizards
  14 kobolds
  5 rats
246 creatures vanquished.

Notes
Turn   | Place    | Note
-------+----------+-------------------------------------------
     0 | D:1      | Fodor the Minotaur Fighter began the quest for the Orb.
     0 | D:1      | Reached XP level 1. HP: 19/19 MP: 0/0
   162 | D:1      | Reached XP level 2. HP: 27/27 MP: 1/1
   482 | D:1      | Reached XP level 3. HP: 33/33 MP: 2/2
   754 | D:2      | Reached XP level 4. HP: 15/41 MP: 3/3
  1396 | D:3      | Found Zogaro's Book Shoppe.
  1439 | D:3      | Found Koovunud's Book Boutique.
  1635 | D:3      | Found Yxeingagro's Antique Armour Shoppe.
  1801 | D:3      | Noticed Terence
  1811 | D:3      | Killed Terence
  2189 | D:4      | Reached XP level 5. HP: 37/47 MP: 4/4
  2222 | D:4      | Noticed a phantom
  2228 | D:4      | Killed a phantom
  2229 | D:4      | Reached skill level 5 in Axes
  2229 | D:4      | Reached skill level 1 in Maces & Flails
  2233 | D:4      | Reached XP level 6. HP: 55/55 MP: 3/5
  2395 | D:4      | Found Saprif's Book Boutique.
  2445 | D:4      | Identified the ring of Anocs {rN+ Slay+6}
  2566 | D:5      | Entered Level 5 of the Dungeon
  2566 | D:5      | Noticed Pikel
  2572 | D:5      | Killed Pikel
  2573 | D:5      | Reached skill level 5 in Fighting
  2573 | D:5      | Reached skill level 1 in Throwing
  2573 | D:5      | Reached skill level 5 in Armour
  2573 | D:5      | Reached skill level 5 in Shields
  2573 | D:5      | Reached XP level 7. HP: 18/61 MP: 2/6
  2751 | D:5      | Identified the +7 mace of Fodor's Slow Death {freeze, *Slow
                  | rF++ Will+ MP+9}
  2771 | D:5      | Found a glowing golden altar of the Shining One.
  2890 | D:5      | Identified the +0 mace "Worm's Wrath" {flame, rF- Str+3
                  | Dex+3}
  2932 | D:5      | Noticed a wyvern
  2936 | D:5      | Killed a wyvern
  2937 | D:5      | Reached XP level 8. HP: 69/69 MP: 7/7
  3225 | D:6      | Reached skill level 5 in Maces & Flails
  3245 | D:6      | Found a burning altar of Makhleb.
  3284 | D:6      | Noticed Duvessa
  3285 | D:6      | Noticed Dowan
  3293 | D:6      | Killed Duvessa
  3296 | D:6      | Killed Dowan
  3404 | D:6      | Found Ilaemes's Weapon Shop.
  3465 | D:6      | Noticed Edmund
  3467 | D:6      | Killed Edmund
  3497 | D:6      | Reached XP level 9. HP: 60/75 MP: 8/8
  4198 | D:7      | Found a staircase to the Ecumenical Temple.
  4655 | D:7      | Reached skill level 5 in Throwing
  4683 | D:7      | Found a flagged portal.
  4689 | Bailey   | Entered a bailey
  4886 | Bailey   | Reached skill level 1 in Dodging
  4946 | Bailey   | Reached XP level 10. HP: 84/84 MP: 9/9
  5166 | Bailey   | Reached skill level 1 in Ranged Weapons
  5804 | D:7      | Noticed Jeremiah
  5812 | D:7      | Killed Jeremiah
  6002 | D:8      | Noticed Psyche
  6010 | D:8      | Killed Psyche
  6098 | D:8      | Reached skill level 5 in Ranged Weapons
  6278 | D:8      | Found a staircase to the Lair.
  6423 | Temple   | Entered the Ecumenical Temple
  6500 | Temple   | Became a worshipper of Gozag Ym Sagoz the Greedy
  6653 | D:8      | Noticed Joseph
  6659 | D:8      | Killed Joseph
  7070 | Lair:1   | Entered Level 1 of the Lair of Beasts
  7072 | Lair:1   | Noticed a cane toad
  7077 | Lair:1   | Reached XP level 11. HP: 95/95 MP: 10/10
  7140 | Lair:1   | Reached skill level 1 in Stealth
  7450 | Lair:1   | Reached skill level 10 in Fighting
  7450 | Lair:1   | Reached skill level 10 in Axes
  7550 | Lair:1   | Reached skill level 10 in Armour
  7843 | Lair:1   | Noticed Sonja
  8052 | Lair:1   | Identified the ring "Ganasem" {rPois Int+3}
  8211 | Lair:1   | Killed Sonja
  8213 | Lair:1   | Succumbed to Sonja's poison

Illustrated notes

Levels and vault maps discovered:
D:1:      heliophobic_arrival_enchanted_forest, layout_rooms
D:2:      layout_loops_cross, ebering_dispersal_statue_hall
D:3:      layout_loops_cross, serial_shops, shop, shop,
          nicolae_shop_real_fake_doors, uniq_terence
D:4:      layout_cave_pools, serial_shops, shop
D:5:      layout_cave_pools, mainiacjoe_overflow_tiny_flanked, uniq_pikel
D:6:      layout_loops_corners, mainiacjoe_overflow_brackets, serial_shops,
          nicolae_shop_scrapyard, uniq_duvessa, uniq_edmund
D:7:      layout_loops_cross, minmay_temple_entry_slanted, enter_bailey_3,
          uniq_jeremiah
D:8:      layout_gridville, lair_entry_dummy, uniq_joseph, uniq_psyche
Temple:   mainiacjoe_temple_big_plus
Lair:1:   layout_chaotic_city, grunt_forest_large_clearings, uniq_sonja

Skill      XL: |  1  2  3  4  5  6  7  8  9 10 11 |
---------------+----------------------------------+-----
Fighting       | 4 5 6 8 11 | 11.0
Armour         | 4 5 6 7 8 9 10 | 10.3
Axes           | 3 4 5 7 11 | 11.4
Shields        | 4 5 6 7 |  7.6
Maces & Flails | 1 4 7 9 |  9.3
Throwing       | 1 2 4 6 7 |  7.0
Dodging        | 1 |  1.0
Ranged Weapons | 5 |  5.7
Stealth        | 1 |  1.8

Action                     |  1- 3 |  4- 6 |  7- 9 | 10-12 || total
---------------------------+-------+-------+-------+-------++-------
  Melee: War axe           |    74 |    47 |       |       ||   121
         Headbutt          |     9 |    12 |    17 |    20 ||    58
         Flail             |       |    36 |     6 |       ||    42
         Mace              |       |       |   119 |     7 ||   126
         Battleaxe         |       |       |       |   123 ||   123
   Fire: Shortbow          |       |       |       |   123 ||   123
  Throw: Boomerang         |       |    13 |    68 |    26 ||   107
  Evoke: Wand              |       |       |       |     1 ||     1
    Use: Scroll            |       |     2 |     7 |     6 ||    15
         Potion            |       |       |       |     5 ||     5
   Stab: Distracted        |       |       |       |     3 ||     3
 Armour: Scale mail        |    37 |       |       |       ||    37
         Plate armour      |    80 |   112 |   110 |   303 ||   605
  Dodge: Dodged            |    30 |    23 |    40 |   106 ||   199
  Block: Buckler           |    33 |     7 |       |       ||    40
         Kite shield       |       |    38 |    87 |    14 ||   139

Table legend: (Time is in decaauts)
 A = Elapsed time spent in this place.
 B = Non-inter-level travel time spent in this place.
 C = Inter-level travel time spent in this place.
 D = Time resting spent in this place.
 E = Time spent auto-exploring this place.
 F = Levels seen in this place.
 G = Mean time per level.
                   A        B        C        D        E       F      G
               +--------+--------+--------+--------+--------+-----+--------+
         Total |   8444 |   8260 |    184 |    583 |   4670 |  11 |  767.6 |
       Dungeon |   6037 |   5874 |    163 |     59 |   4039 |   8 |  754.6 |
        Temple |     99 |     78 |     21 |      0 |      0 |   1 |   99.0 |
          Lair |   1156 |   1156 |      0 |    464 |    406 |   1 | 1156.0 |
        Bailey |   1151 |   1151 |      0 |     60 |    225 |   1 | 1151.0 |
               +--------+--------+--------+--------+--------+-----+--------+

Top non-repeatable levels by time:
  Lair:1: 1156 daAuts
  Bailey: 1151 daAuts
     D:8: 945 daAuts
     D:6: 924 daAuts
     D:7: 899 daAuts
     D:2: 792 daAuts
     D:3: 747 daAuts
     D:5: 643 daAuts
     D:1: 617 daAuts
     D:4: 468 daAuts
  Temple: 99 daAuts
